 Dungeon Crawl Stone Soup version 0.24-a0-57-gac335f2 (webtiles) character file.

Game seed: 16284090470938052900

704 Inarius the Skirmisher (level 7, -15/59 HPs)
             Began as a Mummy Monk on Feb 4, 2019.
             Demolished by an ogre
             ... wielding a +0 giant club
              (16 damage)
             ... on level 4 of the Dungeon.
             The game lasted 00:05:12 (3914 turns).

Inarius the Skirmisher (Mummy Monk)                 Turns: 3914, Time: 00:05:14

Health: -15/59     AC: 13    Str: 16    XL:     7   Next: 39%
Magic:  7/7        EV:  5    Int: 10    God:
Gold:   206        SH:  0    Dex: 14    Spells: 6/6 levels left

rFire    x . .     SeeInvis .   h - +2 short sword (elec)
rCold    + . .     Gourm    .   (no shield)
rNeg     + + +     Faith    .   i - +0 plate armour
rPois    ∞         Spirit   .   f - +0 helmet
rElec    .         Reflect  .   (no cloak)
rCorr    .         Harm     .   (no gloves)
MR       .....                  (no boots)
Stlth    ..........             (no amulet)
HPRegen  0.19/turn              c - ring of positive energy
MPRegen  0.10/turn              (no ring)

@: about to teleport
A: no food or potions, fire vulnerability, cold resistance 1, negative energy
resistance 3, torment resistance, unbreathing
a: no special abilities


You were on level 4 of the Dungeon.
You were not hungry.

You visited 1 branch of the dungeon, and saw 4 of its levels.

You collected 206 gold pieces.

Inventory:

Hand Weapons
 a - a +0 hand axe
 e - a +2 dagger of venom
 g - a +2 antimagic spear
 h - a +2 short sword of electrocution (weapon)
Armour
 f - a +0 helmet (worn)
 i - a +0 plate armour (worn)
Jewellery
 c - a ring of positive energy (left hand)
Scrolls
 b - 2 scrolls of remove curse {unknown}
 d - a scroll of enchant armour {unknown}
 k - 2 scrolls of identify {unknown}


   Skills:
 * Level 6.6 Fighting
 - Level 2.4 Axes
 + Level 0.3(1.5) Polearms
 * Level 4.3 Armour
 - Level 2.4 Dodging
 - Level 1.5 Stealth


You had 6 spell levels left.
You didn't know any spells.
Your spell library was empty.

Dungeon Overview and Level Annotations

Branches:
Dungeon (4/15)
 Temple: D:4-7

Altars:
Hepliaklqana

Annotations:
D:3 1 runed translucent door


Innate Abilities, Weirdness & Mutations

You do not eat or drink.
Your flesh is vulnerable to fire.
You are immune to poison.
Your flesh is cold resistant. (rC+)
You are immune to negative energy. (rN+++)
You are immune to unholy pain and torment.
You can survive without breathing.


Message History

The ogre is moderately wounded.
The ogre barely misses you.
An ooze comes into view.
The ooze quivers.
The ooze moves out of view.
Found 2 emerald potions.
The ooze hits you but does no damage.
You hit the ooze.
The ooze is lightly wounded.
The ogre hits you with a +0 giant club!
* * * LOW HITPOINT WARNING * * *
The ooze hits you but does no damage.
You hit the ooze.
The ooze is lightly wounded.
The ooze hits you but does no damage. The ogre hits you with a +0 giant club.
* * * LOW HITPOINT WARNING * * *
As you read the scroll labeled NAELUSEPN QIYMN, it crumbles to dust.
You feel strangely unstable.
It was a scroll of teleportation.
The ooze hits you but does no damage. The ogre hits you with a +0 giant club!
You die...

... #..?..........
.<..#. #.#
#.....####.# #.....#
# #.##### #.. #.#
#!..# ####.####
#.....###.......# ##
#..J@O..#.##.###....
#..###..#...........
....
###..####.###....
#... #.....###.# ##
#.. .#.......# #.
..####..##### #
.........#
#.######.# #.#


You could see an ogre and an ooze.

Vanquished Creatures
  Sigmund (D:3)
  The ghost of Mgcat the Insei, an amateur OpTm (D:3)
  A bullfrog (D:3)
  3 orc priests (D:3)
  An orc wizard (D:3)
  Natasha (twice) (D:3)
  A worker ant (D:4)
  A worker ant zombie (D:2)
  Robin (D:2)
  2 adders
  A gnoll (D:1)
  5 worms
  2 dart slugs
  4 leopard geckos
  9 orcs (D:3)
  3 ball pythons
  5 giant cockroaches
  14 goblins
  5 hobgoblins
  4 quokkas
  7 bats
  3 frilled lizards
  12 kobolds
  21 rats
109 creatures vanquished.

Notes
Turn   | Place    | Note
-------+----------+-------------------------------------------
     0 | D:1      | Inarius the Mummy Monk began the quest for the Orb.
     0 | D:1      | Reached XP level 1. HP: 18/18 MP: 1/1
   224 | D:1      | Reached XP level 2. HP: 19/24 MP: 2/2
   843 | D:1      | Reached skill level 1 in Armour
   843 | D:1      | Reached XP level 3. HP: 26/30 MP: 3/3
   924 | D:1      | Reached skill level 4 in Fighting
  1136 | D:2      | Found a hazy altar of Hepliaklqana.
  1710 | D:2      | Reached XP level 4. HP: 38/38 MP: 4/4
  1875 | D:3      | Noticed Robin
  2015 | D:2      | Killed Robin
  2319 | D:3      | Reached skill level 5 in Fighting
  2403 | D:3      | Reached XP level 5. HP: 28/44 MP: 5/5
  2784 | D:3      | Noticed Sigmund
  2788 | D:3      | Killed Sigmund
  2788 | D:3      | Reached XP level 6. HP: 51/52 MP: 6/6
  2800 | D:3      | Noticed Natasha
  2816 | D:3      | Killed Natasha
  3255 | D:3      | Reached skill level 6 in Fighting
  3525 | D:3      | Found a runed translucent door.
  3526 | D:3      | Noticed Mgcat's ghost (amateur OpTm)
  3568 | D:3      | Found a runed translucent door.
  3581 | D:3      | Reached XP level 7. HP: 57/59 MP: 7/7
  3612 | D:3      | Killed Mgcat's ghost
  3627 | D:3      | Noticed Natasha
  3633 | D:3      | Killed Natasha
  3913 | D:4      | HP: 1/59 [ogre/+0 giant club (6)]
  3914 | D:4      | Demolished by an ogre

Vault maps used:
D:1:      lightli_arrival_boilingwater
D:2:      lemuel_crystal_altar, st_stairs_3, minivault_23
D:3:      ebering_ghost_sewer_f, first_ration, minmay_rat_hole, uniq_natasha,
          uniq_sigmund, uniq_robin
D:4:      cheibrodos_fertilizer, gup_sewer_entry_bowl, uniq_grinder

Skill      XL: |  1  2  3  4  5  6  7 |
---------------+----------------------+-----
Armour         | 1 2 3 4 |  4.3
Fighting       | 4 5 6 |  6.6
Axes           | |  2.4
Polearms       | |  0.3
Dodging        | |  2.4
Stealth        | |  1.5

Action                   |  1- 3 |  4- 6 |  7- 9 || total
-------------------------+-------+-------+-------++-------
Melee: Hand axe          |    29 |       |       ||    29
       Dagger            |    59 |       |       ||    59
       Short sword       |    14 |   179 |    37 ||   230
       Spear             |     2 |       |       ||     2
  Use: Scroll            |       |       |     1 ||     1
Armor: Robe              |     5 |       |       ||     5
       Scale mail        |    34 |    23 |       ||    57
       Plate armour      |       |   115 |    22 ||   137
Dodge: Dodged            |    64 |    74 |     8 ||   146

Table legend:
 A = Non-vault XP
 B = Vault XP
 C = Vault XP percentage of total XP
 D = Non-vault monster count
 E = Vault monster count
 F = Vault count percentage of total count
                 A         B        C        D         E       F
            +---------+---------+-------+---------+---------+-------
      Total |     427 |     579 |  57.6 |      70 |      39 |  35.8
            +---------+---------+-------+---------+---------+-------
        D:1 |      47 |       0 |   0.0 |      20 |       0 |   0.0
        D:2 |      57 |      24 |  29.6 |      16 |       6 |  27.3
        D:3 |     289 |     555 |  65.8 |      33 |      33 |  50.0
        D:4 |      34 |       0 |   0.0 |       1 |       0 |   0.0
            +---------+---------+-------+---------+---------+-------
